 Dungeon Crawl Stone Soup version 0.30.1 (webtiles) character file.

Game seed: 7741115940646377295

721 Destapler the Chopper (level 7, 0/60 HPs)
             Began as a Hill Orc Fighter on July 9, 2023.
             Was an Initiate of Trog.
             Slain by Pikel
             ... wielding a +0 whip of flaming
              (5 damage)
             ... on level 5 of the Dungeon.
             The game lasted 00:12:42 (4033 turns).

Destapler the Chopper (Hill Orc Fighter)            Turns: 4033, Time: 00:12:42

Health: 0/60       AC:  9    Str: 21    XL:     7   Next: 70%
Magic:  7/7        EV:  9    Int:  8    God:    Trog [......]
Gold:   212        SH:  0    Dex: 16    Spells: 6/6 levels left

rFire   . . .        a - +0 war axe
rCold   . . .        (no shield)
rNeg    . . .        b - +0 scale mail
rPois   +            o - +0 helmet
rElec   .            f - +0 cloak
rCorr   .            (no gloves)
SInv    .            (no boots)
Will    .....        (no amulet) Stlth
                     k - +6 ring of dexterity
HPRegen 0.30/turn    n - ring of poison resistance
MPRegen 0.10/turn

%: no passive effects
@: no status effects
A: no striking features
a: Renounce Religion


You were on level 5 of the Dungeon.
You worshipped Trog.
Trog was noncommittal.
You visited 1 branch of the dungeon, and saw 5 of its levels.

You collected 266 gold pieces.
You spent 54 gold pieces at shops.

Inventory:

Hand Weapons
 a - a +0 war axe (weapon)
Missiles
 x - 6 atropa-tipped darts (quivered)
Armour
 b - a +0 scale mail (worn)
 c - a +1 buckler
 f - a +0 cloak (worn)
 o - a +0 helmet (worn)
Jewellery
 e - a ring of flight
 k - a +6 ring of dexterity (left hand)
 n - a ring of poison resistance (right hand)
Wands
 q - a wand of flame (10)
 u - a wand of iceblast (7)
 v - a wand of polymorph (7)
Scrolls
 h - a scroll of amnesia {unknown}
 m - 3 scrolls of immolation
 p - a scroll of magic mapping {unknown}
 s - a scroll of poison {unknown}
 t - 2 scrolls of blinking
 w - 3 scrolls of teleportation
 y - a scroll of summoning
 A - a scroll of vulnerability {unknown}
 B - a scroll of noise {unknown}
Potions
 d - 4 potions of might
 g - a potion of lignification
 i - 3 potions of curing
 j - 2 potions of brilliance
 l - a potion of magic
 r - a potion of heal wounds {unknown}
 z - a potion of attraction


   Skills:
 + Level 4.5 Fighting
 + Level 5.8 Axes
 - Level 3.0 Throwing
 - Level 5.0 Armour
 - Level 5.0 Shields
 - Level 3.0 Evocations


You had 6 spell levels left.
You didn't know any spells.
Your spell library contained the following spells:

 Spells                   Type           Power      Damage    Failure   Level
 Summon Small Mammal      Summ           0%         N/A       75%         1
 Call Canine Familiar     Summ           0%         N/A       98%         3
 Summon Guardian Golem    Hex/Summ       0%         N/A       98%         3


Dungeon Overview and Level Annotations

Branches:
Dungeon (5/15)
 Temple: D:4-7

Altars:
Hepliaklqana
Trog

Shops:
D:2 =?*=

Annotations:
D:5 Pikel


Message History

You slash the lemure! The lemure hits you!
The lemure hits you but does no damage.
You slash the lemure!
The lemure is almost dead.
You slash the lemure!
The lemure hits you but does no damage. x2
You barely miss the lemure.
The lemure is almost dead.
You completely miss the lemure. The lemure hits you.
You barely miss the lemure.
The lemure is almost dead.
You barely miss Pikel. The lemure hits you but does no damage.
The lemure hits you.
Pikel hits you with a +0 whip of flaming.
* * * LOW HITPOINT WARNING * * *
Pikel burns you.
* * * LOW HITPOINT WARNING * * *
Okay, then.
Unknown command.
You hit Pikel.
Pikel is lightly wounded.
You closely miss the lemure. You slash the lemure!
You kill the lemure!
That felt strangely unrewarding.
Pikel hits you but does no damage. The lemure barely misses you.
You hit Pikel.
Pikel is moderately wounded.
You slash the lemure! You miss the lemure.
Pikel hits you with a +0 whip of flaming!
* * * LOW HITPOINT WARNING * * *
Pikel burns you.
* * * LOW HITPOINT WARNING * * *
The lemure hits you!
* * * LOW HITPOINT WARNING * * *
The lemure barely misses you.
You hit Pikel but do no damage.
Pikel is moderately wounded.
You slash the lemure! You closely miss the lemure. The lemure hits you!
* * * LOW HITPOINT WARNING * * *
Pikel hits you with a +0 whip of flaming.
You die...

#.. .## ##..
...####...
.........#
.:...=.#
#...5.# #
#.5K5#####..
#@........
#......##
#....###
##...# #...#
##..##
##..##
##..## #
##..## #.


You could see Pikel and 3 lemures.

Vanquished Creatures
  Edmund (D:5)
  A lemure (D:5)
  3 phantoms (D:5)
  A hound (D:5)
  A gnoll bouda (D:5)
  Terence (D:2)
  2 iguanas
  Robin (D:2)
  8 gnolls
  6 adders
  A shadow imp (D:5)
  A white imp (D:5)
  2 worms
  2 dart slugs
  5 ball pythons
  9 endoplasms
  4 giant cockroaches
  15 goblins
  10 hobgoblins
  5 jackals
  A quokka (D:1)
  6 bats
  4 frilled lizards
  7 kobolds
  6 rats
103 creatures vanquished.

Notes
Turn   | Place    | Note
-------+----------+-------------------------------------------
     0 | D:1      | Destapler the Hill Orc Fighter began the quest for the Orb.
     0 | D:1      | Reached XP level 1. HP: 19/19 MP: 1/1
    74 | D:1      | Reached XP level 2. HP: 18/26 MP: 2/2
   511 | D:1      | Reached XP level 3. HP: 31/31 MP: 3/3
  1014 | D:2      | Noticed Terence
  1024 | D:2      | Killed Terence
  1025 | D:2      | Reached XP level 4. HP: 22/39 MP: 4/4
  1028 | D:2      | Found Xeuheze's General Store.
  1139 | D:2      | Found Imiah's Magic Scroll Shop.
  1170 | D:2      | Bought a +0 cloak for 54 gold pieces
  1266 | D:2      | Found a hazy altar of Hepliaklqana.
  1508 | D:2      | Reached XP level 5. HP: 30/45 MP: 5/5
  1565 | D:2      | Found Wees's Jewellery Shop.
  1722 | D:2      | Noticed Robin
  1735 | D:2      | Killed Robin
  1751 | D:2      | Found Cabofih's Jewellery Shoppe.
  1973 | D:3      | Found a bloodstained altar of Trog.
  2237 | D:3      | Became a worshipper of Trog the Wrathful
  2301 | D:3      | Reached skill level 5 in Axes
  2301 | D:3      | Reached skill level 5 in Shields
  2301 | D:3      | Reached XP level 6. HP: 47/51 MP: 6/6
  2743 | D:4      | Reached skill level 5 in Armour
  3164 | D:5      | Entered Level 5 of the Dungeon
  3433 | D:5      | Noticed Edmund
  3441 | D:5      | Killed Edmund
  3560 | D:5      | Reached skill level 1 in Throwing
  3560 | D:5      | Reached XP level 7. HP: 55/57 MP: 7/7
  4023 | D:5      | Noticed Pikel
  4033 | D:5      | Slain by Pikel

Illustrated notes

Levels and vault maps discovered:
D:1:      nzn_arrival_settlement, layout_loops_ring, minmay_hedge_maze,
          st_stairs_11, hangedman_decor_riveting, minmay_misc_feat_doors
D:2:      layout_basic, basic_altar, serial_shops, nicolae_shop_rolled_up, shop,
          shop, nicolae_shop_gaudy_bauble, uniq_terence, uniq_robin
D:3:      layout_loops_cross, mainiacjoe_overflow_alcove_1
D:4:      layout_basic
D:5:      layout_layer_cave, uniq_pikel, uniq_edmund

Skill      XL: |  1  2  3  4  5  6  7 |
---------------+----------------------+-----
Axes           | 3 4 5 |  5.8
Armour         | 4 5 |  5.0
Shields        | 4 5 |  5.0
Evocations     | 3 |  3.0
Throwing       | 1 3 |  3.0
Fighting       | 4 |  4.5

Action                     |  1- 3 |  4- 6 |  7- 9 || total
---------------------------+-------+-------+-------++-------
  Melee: War axe           |   196 |   131 |    58 ||   385
         Dire flail        |       |     4 |       ||     4
         Punch             |       |       |     1 ||     1
    Use: Potion            |     1 |     1 |     1 ||     3
         Scroll            |       |     6 |     5 ||    11
 Armour: Scale mail        |    65 |    75 |    39 ||   179
  Dodge: Dodged            |    60 |    46 |    24 ||   130
  Block: Buckler           |    30 |    41 |       ||    71
